 Dungeon Crawl Stone Soup version 0.24.0-13-gcf9b319 (webtiles) character file.

Game seed: 596745943640689461, levelgen mode: deterministic

84314 severen the Impassioned (level 15, -2/181 HPs)
             Began as a Demonspawn Wanderer on Dec 19, 2019.
             Was a Priest of Uskayaw.
             Slain by Rupert
             ... wielding a +1 great sword of freezing
              (16 damage)
             ... on level 3 of the Lair of Beasts.
             The game lasted 01:50:00 (19074 turns).

severen the Impassioned (Demonspawn Wanderer)      Turns: 19074, Time: 01:50:01

Health: -2/181     AC: 29    Str: 15    XL:     15   Next: 34%
Magic:  27/27      EV:  2    Int: 21    God:    Uskayaw [***...]
Gold:   2473       SH:  0    Dex: 11    Spells: 14/14 levels left

rFire    . . .     SeeInvis .   D - +4 battleaxe (vamp)
rCold    . . .     Gourm    .   (shield currently unavailable)
rNeg     + + +     Faith    .   (armour currently unavailable)
rPois    +         Spirit   .   (helmet currently unavailable)
rElec    .         Reflect  .   (cloak currently unavailable)
rCorr    .         Harm     .   (gloves currently unavailable)
MR       +....     NoTele   +   (boots currently unavailable)
Stlth    +++.......             Y - amulet of magic regeneration
HPRegen  0.80/turn              A - +2 ring of protection
MPRegen  0.45/turn              Q - ring of poison resistance

@: tree-form (expiring)
A: clever 1, regeneration 1, wild magic 1, rot immunity
a: Stomp, Line Pass, Renounce Religion


You were on level 3 of the Lair of Beasts.
You worshipped Uskayaw.
Uskayaw was most pleased with you.
You were not hungry.
You were a tree.
You visited 4 branches of the dungeon, and saw 21 of its levels.
You also visited: Bailey.

You collected 3105 gold pieces.
You spent 632 gold pieces at shops.

Inventory:

Hand Weapons
 u - a +1 halberd
 D - a +4 vampiric battleaxe (weapon)
 E - the +6 rapier of Exchange {pierce, Str+5 Dex+4}
   (You found it on level 5 of the Dungeon)

   It inflicts extra damage upon your enemies.
   It affects your strength (+5).
   It affects your dexterity (+4).
 R - a +2 hand axe of venom
 Z - a +0 bardiche
Missiles
 o - 5 atropa-tipped darts
 t - 39 boomerangs (quivered)
 H - 3 throwing nets
 X - 7 curare-tipped darts
Armour
 a - the +5 scale mail of the Eleven Beggars (melded) {rElec Int+3 SInv Stlth+}
   (You bought it in a shop on level 2 of the Orcish Mines)

   It affects your intelligence (+3).
   It insulates you from electricity.
   It lets you see invisible.
   It makes you more stealthy.
 j - the +1 scale mail "Inukk" {rN++ Regen+ Str-5}
   (You found it on level 11 of the Dungeon)

   It affects your strength (-5).
   It greatly protects you from negative energy.
   It increases your rate of regeneration.
 y - a +0 hat (melded)
 C - a +2 plate armour of positive energy
 L - a +1 cloak (melded)
 M - the +4 robe of Augmentation {Str+4 Int+4 Dex+4}
   (You found it on level 15 of the Dungeon)

   It affects your strength (+4).
   It affects your intelligence (+4).
   It affects your dexterity (+4).
 N - a +0 pair of boots (melded)
 S - a +0 scale mail of fire resistance
 U - a +2 robe of magic resistance
 V - +0 acid dragon scales
 W - a +2 pair of gloves (melded)
Jewellery
 h - an uncursed ring of magical power
 v - an uncursed ring of positive energy
 x - an uncursed ring of protection from fire
 A - a +2 ring of protection (left branch)
 F - an uncursed ring of ice
 Q - a ring of poison resistance (right branch)
 T - an uncursed ring of fire
 Y - an amulet of magic regeneration (around neck)
Wands
 e - a wand of iceblast (7)
 i - a wand of paralysis (2)
 J - a wand of acid (16)
 O - a wand of clouds (3)
 P - a wand of scattershot (6)
Scrolls
 b - a scroll of fear
 g - 4 scrolls of magic mapping
 k - 2 scrolls of enchant armour
 m - 4 scrolls of amnesia
 r - 11 scrolls of teleportation
 w - 7 scrolls of remove curse
 G - a scroll of identify
 K - 6 scrolls of fog
Potions
 c - 2 potions of lignification
 d - a potion of magic {unknown}
 n - 3 potions of cancellation
 p - a potion of might
 q - 16 potions of curing
 z - 2 potions of haste
 I - 2 potions of brilliance
Miscellaneous
 s - a fan of gales
 B - a sack of spiders
Comestibles
 f - 28 rations


   Skills:
 - Level 12.2 Fighting
 - Level 8.6 Short Blades
 * Level 10.5(11.0) Axes
 - Level 5.7(8.9) Polearms
 - Level 3.2 Throwing
 - Level 7.7 Armour
 - Level 7.7 Dodging
 - Level 7.0 Stealth
 + Level 16.5 Invocations
 - Level 2.9 Evocations


You had 14 spell levels left.
You didn't know any spells.
Your spell library contained the following spells:

 Spells                   Type           Power        Failure   Level  Hunger
 Animate Skeleton         Necr           N/A          26%         1    ##.....
 Apportation              Tloc           #.....       26%         1    ##.....
 Confusing Touch          Hex            #.....       26%         1    ##.....
 Infusion                 Chrm           #...         26%         1    ##.....
 Summon Small Mammal      Summ           #...         26%         1    ##.....
 Call Imp                 Summ           #.......     34%         2    ###....
 Shroud of Golubria       Chrm/Tloc      #.....       34%         2    ###....
 Song of Slaying          Chrm           #.......     34%         2    ###....
 Call Canine Familiar     Summ           #.......     56%         3    ####...
 Regeneration             Chrm/Necr      #.........   56%         3    ####...
 Spectral Weapon          Hex/Chrm       #.......     56%         3    ####...
 Summon Guardian Golem    Hex/Summ       #.......     56%         3    ####...
 Summon Ice Beast         Ice/Summ       #.......     91%         4    #####..
 Summon Lightning Spire   Summ/Air       #.......     91%         4    #####..


Dungeon Overview and Level Annotations

Branches:
Dungeon (15/15)            Temple (1/1) D:4            Lair (3/6) D:8
 Spider (0/4) Lair:2          Orc (2/2) D:9             Elf (0/3) Orc:2
 Vaults (0/5) D:14         Depths (0/5) D:15         Bailey (visited)
  Swamp: Lair:2-4    Shoals: Lair:2-4

Altars:
Ashenzari
Cheibriados
Dithmenos
Elyvilon
Fedhas
Gozag
Hepliaklqana
Kikubaaqudgha
Makhleb
Nemelex Xobeh
Okawaru
Qazlal
Ru
Sif Muna
Trog
Uskayaw
Vehumet
Wu Jian
Xom
Yredelemnul
Zin
The Shining One

Shops:
D:5 %   D:6 }   D:9 (   D:14 [   Orc:2 (*=[

Annotations:
D:7 2 transporters, luxidream's ghost, novice VSAs
D:9 1 runed translucent door, wrhowe's ghost, novice DsAK
Lair:3 Rupert


Innate Abilities, Weirdness & Mutations

((You have a pair of horns on your head.))
((You are completely covered in sharp spines.))
You are immune to rotting.
((When seriously injured, your bleeding wounds create armour. (AC +0)))
Your mind is acute. (Int +2)
Your natural rate of healing is unusually fast.
Your spells are a little harder to cast, but a little more powerful.


Message History

* * * LOW HITPOINT WARNING * * *
Rupert hits you with a +1 great sword of freezing!
* * * LOW HITPOINT WARNING * * *
Rupert freezes you.
* * * LOW HITPOINT WARNING * * *
Okay, then.
You hit Rupert.
You feel better.
Rupert is severely wounded.
Your transformation is almost over.
Rupert hits you but does no damage.
You hit Rupert.
You feel better.
Rupert is severely wounded.
Rupert barely misses you. Rupert hits you but does no damage.
You hit Rupert but do no damage.
Rupert is severely wounded.
Rupert hits you but does no damage.
You hit Rupert but do no damage.
Rupert is severely wounded.
Rupert hits you with a +1 great sword of freezing!
You die...

..##P.... ... ..[.
.#.#..# #.... ...
......# . ........ #
...P#....# #...@..# .#
........##
#P...#)###...
#..###.#####P..........
#### # #.##...#..#.#...
# #.....##@....... #
#......♣........ P#
##.....#.#...### ##
#...##..##### #P..P####
##..## #....#
##..###### ##........
####......P##


You could see Rupert (berserk).

Vanquished Creatures
  An orc warlord (Orc:2)
  4 vault guards (D:13)
  3 hydras
  Harold (D:9)
  4 centaur warriors
  A death knight (D:13)
  An ogre mage (D:15)
  9 two-headed ogres
  2 tengu warriors
  2 orc high priests (Orc:2)
  Sonja (D:13)
  A skeletal warrior (D:13)
  6 unseen horrors
  A flayed ghost (D:13)
  2 deep elf magi
  5 orc knights
  3 orc sorcerers (Orc:2)
  A cyclops (D:13)
  2 manticores (D:15)
  A salamander (D:15)
  7 ugly things
  Maurice (D:13)
  6 centaur zombies
  3 black mambas
  2 gargoyles
  2 spiny frogs (Lair:1)
  A kobold demonologist (D:15)
  A torpor snail (Lair:2)
  5 komodo dragons
  A tengu conjurer (D:13)
  4 red devils (D:13)
  A queen bee (D:8)
  Prince Ribbit (D:7)
  A jumping spider (Lair:2)
  11 trolls
  A hornet (D:8)
  A hornet (shapeshifter) (D:14)
  A merfolk (D:15)
  20 slime creatures
  A wolf spider simulacrum (D:14)
  4 blink frogs (Lair:1)
  8 hippogriffs
  3 shadows
  3 centaur simulacra
  Sigmund (D:6)
  2 vampires
  2 redbacks (Lair:2)
  2 wyverns
  5 wraiths
  24 yaks
  Grum (Lair:1)
  Eustachio (D:4)
  A steam dragon (D:11)
  3 vampire mosquitoes (D:13)
  2 hungry ghosts
  Menkaure (D:4)
  4 water moccasins
  4 wargs
  2 soldier ants (D:13)
  2 acid dragons
  4 porcupines
  34 orc warriors
  4 sky beasts
  4 ice beasts
  4 black bears
  An eye of draining (D:8)
  A necrophage (D:8)
  14 ogres
  4 phantoms
  5 boggarts (D:15)
  17 centaurs
  7 wolves
  5 crocodiles
  A wyvern zombie (D:7)
  22 bullfrogs
  4 scorpions
  A wyvern skeleton (D:14)
  A water moccasin skeleton (D:12)
  5 wights
  29 killer bees
  8 electric eels
  5 jellies
  A howler monkey (shapeshifter) (D:15)
  4 howler monkeys
  7 crimson imps
  4 quasits
  16 hounds
  9 centaur skeletons
  3 bullfrog zombies
  25 orc priests
  17 orc wizards
  5 bullfrog skeletons
  7 iguanas
  Natasha (thrice) (D:3)
  4 worker ants
  A killer bee zombie (D:9)
  2 hound skeletons
  A worker ant zombie (D:6)
  7 gnolls
  8 adders
  3 shadow imps
  An ooze (D:1)
  2 adder zombies
  2 adder skeletons
  A worm (D:2)
  4 dart slugs
  5 leopard geckos
  53 orcs
  5 giant cockroaches
  7 hobgoblins
  8 jackals
  26 kobolds
  7 quokkas
  A ball python (D:2)
  9 bats
  5 frilled lizards
  18 goblins
  A jackal skeleton (D:4)
  2 leopard gecko skeletons
  2 quokka skeletons
  A quokka zombie (D:6)
  7 rats
671 creatures vanquished.

Vanquished Creatures (others)
  11 fungi
11 creatures vanquished.

Grand Total: 682 creatures vanquished

Notes
Turn   | Place    | Note
-------+----------+-------------------------------------------
     0 | D:1      | severen the Demonspawn Wanderer began the quest for the
                  | Orb.
     0 | D:1      | severen set off with the following items: a +2 spear, a +0
                  | short sword, a potion of lignification, a +0 robe, a +0
                  | dagger, a ration
     0 | D:1      | Reached XP level 1. HP: 19/19 MP: 1/1
   110 | D:1      | Gained mutation: You have a pair of small horns on your
                  | head. [demonic ancestry]
   110 | D:1      | Reached XP level 2. HP: 24/25 MP: 2/2
   695 | D:1      | Gained mutation: You have a pair of horns on your head.
                  | [demonic ancestry]
   695 | D:1      | Reached XP level 3. HP: 31/31 MP: 3/3
  1046 | D:2      | Found a snail-covered altar of Cheibriados.
  1453 | D:2      | Found a basalt altar of Yredelemnul.
  1471 | D:2      | Gained mutation: You are partially covered in sharp spines.
                  | [demonic ancestry]
  1471 | D:2      | Reached XP level 4. HP: 33/38 MP: 4/4
  1480 | D:2      | Found an ornate altar of the Wu Jian Council.
  1481 | D:2      | Found a shattered altar of Ashenzari.
  1758 | D:3      | Noticed Natasha
  1766 | D:3      | Killed Natasha
  1766 | D:3      | Reached skill level 5 in Fighting
  1833 | D:3      | Reached skill level 1 in Throwing
  1835 | D:3      | Found a shadowy altar of Dithmenos.
  1842 | D:3      | Gained mutation: You are mostly covered in sharp spines.
                  | [demonic ancestry]
  1842 | D:3      | Reached XP level 5. HP: 31/44 MP: 5/5
  1930 | D:3      | Found an iron altar of Okawaru.
  2047 | D:3      | Noticed Natasha
  2052 | D:3      | Killed Natasha
  2301 | D:3      | Noticed Natasha
  2309 | D:3      | Killed Natasha
  2818 | D:4      | Noticed a phantom
  2844 | D:4      | Killed a phantom
  2844 | D:4      | Reached skill level 1 in Dodging
  2844 | D:4      | Reached XP level 6. HP: 46/52 MP: 6/6
  2871 | D:4      | Found a radiant altar of Vehumet.
  3084 | D:4      | Noticed Menkaure
  3099 | D:4      | Killed Menkaure
  3099 | D:4      | Reached XP level 7. HP: 37/58 MP: 7/7
  3211 | D:4      | Noticed Eustachio
  3231 | D:4      | Killed Eustachio
  3349 | D:4      | Reached skill level 5 in Polearms
  3465 | D:4      | Found a staircase to the Ecumenical Temple.
  3471 | Temple   | Entered the Ecumenical Temple
  3579 | Temple   | Became a worshipper of Uskayaw the Reveler
  3798 | D:4      | Reached * piety under Uskayaw
  3809 | D:4      | Reached ** piety under Uskayaw
  3815 | D:4      | Reached skill level 1 in Invocations
  3842 | D:5      | Entered Level 5 of the Dungeon
  3896 | D:5      | Found Bimuopn's Food Shop.
  4074 | D:5      | Reached skill level 2 in Invocations
  4255 | D:5      | Reached XP level 8. HP: 65/65 MP: 9/9
  4262 | D:5      | Reached *** piety under Uskayaw
  4266 | D:5      | Reached **** piety under Uskayaw
  4280 | D:5      | Reached ***** piety under Uskayaw
  4307 | D:5      | Reached skill level 3 in Invocations
  4426 | D:5      | Got a warped rapier
  4427 | D:5      | Identified the +6 rapier of Exchange {pierce, Str+5 Dex+4}
                  | (You found it on level 5 of the Dungeon)
  4703 | D:6      | Found Unaoxugo's Gadget Boutique.
  4741 | D:6      | Reached skill level 4 in Invocations
  4755 | D:6      | Reached skill level 1 in Short Blades
  4830 | D:6      | Noticed Sigmund
  4840 | D:6      | Killed Sigmund
  5070 | D:6      | Reached skill level 5 in Invocations
  5273 | D:6      | Found a glowing silver altar of Zin.
  5273 | D:6      | Found a glowing golden altar of the Shining One.
  5273 | D:6      | Found a white marble altar of Elyvilon.
  5381 | D:7      | Found a transporter.
  5381 | D:7      | Noticed luxidream's ghost (novice VSAs)
  5387 | D:7      | Gained mutation: You are immune to rotting. [demonic
                  | ancestry]
  5387 | D:7      | Reached XP level 9. HP: 73/74 MP: 12/12
  5402 | D:7      | Noticed a two-headed ogre
  5405 | D:7      | Found a transporter.
  5578 | D:7      | Reached skill level 6 in Invocations
  5668 | D:7      | Noticed Prince Ribbit
  5676 | D:7      | Killed Prince Ribbit
  5989 | D:7      | Found a sacrificial altar of Ru.
  6102 | D:7      | Reached skill level 7 in Invocations
  6291 | D:8      | Noticed a troll
  6308 | D:8      | Killed a troll
  6336 | D:8      | Reached skill level 5 in Armour
  6336 | D:8      | Reached XP level 10. HP: 34/83 MP: 15/15
  6704 | D:8      | Reached skill level 8 in Invocations
  6731 | D:8      | Reached skill level 5 in Short Blades
  6732 | D:8      | Reached ****** piety under Uskayaw
  7147 | D:8      | Found a staircase to the Lair.
  7419 | D:8      | Reached skill level 9 in Invocations
  7424 | D:8      | Found a shimmering altar of Xom.
  8093 | D:9      | Noticed Harold
  8110 | D:9      | Killed Harold
  8533 | D:9      | Found a runed translucent door.
  8557 | D:9      | Noticed wrhowe's ghost (novice DsAK)
  8647 | D:9      | Gained mutation: When seriously injured, your bleeding
                  | wounds create armour. (AC +0) [demonic ancestry]
  8647 | D:9      | Reached XP level 11. HP: 82/90 MP: 18/18
  8659 | D:9      | Got a faintly glowing leather armour
  8660 | D:9      | Identified the +2 leather armour of the World {*Drain rN++
                  | Str+3} (You found it on level 9 of the Dungeon)
  8802 | D:9      | Found Exko's Weapon Shoppe.
  8805 | D:9      | Reached skill level 10 in Fighting
  8866 | D:9      | Found a staircase to the Orcish Mines.
  8930 | D:9      | Found a shimmering altar of Xom.
  8931 | D:9      | Found a hazy altar of Hepliaklqana.
  8931 | D:9      | Noticed a hell beast
  8932 | D:9      | Noticed a hell beast
  9140 | D:10     | Entered Level 10 of the Dungeon
  9289 | D:10     | Reached skill level 10 in Invocations
  9428 | D:10     | Noticed a two-headed ogre
  9438 | D:10     | Killed a two-headed ogre
  9796 | D:10     | Reached skill level 5 in Dodging
  9796 | D:10     | Reached skill level 11 in Invocations
  9796 | D:10     | Reached XP level 12. HP: 99/99 MP: 18/20
  9893 | D:10     | Got a crude amber ring
  9894 | D:10     | Identified the ring of Wiomaapn {rPois Stlth-} (You found
                  | it on level 10 of the Dungeon)
 10012 | D:11     | Got a polished scale mail
 10036 | D:11     | Reached skill level 5 in Stealth
 10193 | D:11     | Found a flagged portal.
 10206 | Bailey   | Entered a bailey
 10258 | Bailey   | Gained mutation: Your natural rate of healing is unusually
                  | fast. [potion of mutation]
 10258 | Bailey   | Gained mutation: Your spells are a little harder to cast,
                  | but a little more powerful. [potion of mutation]
 10258 | Bailey   | Gained mutation: Your mind is acute. (Int +2) [potion of
                  | mutation]
 10921 | D:12     | Noticed a five-headed hydra
 11091 | D:12     | Reached XP level 13. HP: 75/106 MP: 21/21
 11245 | D:12     | Reached skill level 12 in Invocations
 11594 | D:12     | You fall into a shaft and drop 3 floors!
 11594 | D:15     | Entered Level 15 of the Dungeon
 11594 | D:15     | Found the +4 robe of Augmentation {Str+4 Int+4 Dex+4}
 11609 | D:14     | Found Egaoq Jeykk's Armour Shop.
 11809 | D:14     | Got a slimy scale mail
 12261 | D:12     | Identified the +1 scale mail "Inukk" {rN++ Regen+ Str-5}
                  | (You found it on level 11 of the Dungeon)
 12647 | D:13     | Reached skill level 1 in Axes
 12672 | D:13     | Noticed Sonja
 12695 | D:13     | Killed Sonja
 12997 | D:13     | Reached skill level 13 in Invocations
 13037 | D:13     | Identified a scroll of acquirement
 13343 | D:13     | Identified the +3 scale mail of Summer {-Cast MR+ Int+7
                  | Dex-4} (You found it on level 14 of the Dungeon)
 13435 | D:13     | Gained mutation: You are completely covered in sharp
                  | spines. [demonic ancestry]
 13435 | D:13     | Reached XP level 14. HP: 100/115 MP: 24/24
 13810 | D:13     | Noticed Maurice
 13821 | D:13     | Killed Maurice
 14098 | D:15     | Reached skill level 14 in Invocations
 14162 | D:15     | Reached skill level 5 in Axes
 14461 | D:14     | Found a gate to the Vaults.
 15161 | D:15     | Reached skill level 15 in Invocations
 15457 | D:15     | Found a staircase to the Depths.
 15845 | Orc:1    | Entered Level 1 of the Orcish Mines
 16294 | Orc:2    | Entered Level 2 of the Orcish Mines
 16326 | Orc:2    | Found a staircase to the Elven Halls.
 16356 | Orc:2    | Noticed an orc warlord
 16360 | Orc:2    | Paralysed by an orc sorcerer for 5 turns
 16367 | Orc:2    | Killed an orc warlord
 16492 | Orc:1    | Reached XP level 15. HP: 108/121 MP: 26/26
 16549 | Orc:1    | HP: 5/121 [orc knight/+0 great sword (6)]
 16772 | Orc:2    | Reached skill level 16 in Invocations
 16781 | Orc:2    | Found Dahomyuceth's General Store.
 16871 | Orc:2    | Found Kaustyom's Jewellery Shop.
 17019 | Orc:2    | Found Wuhel's Antique Weapon Boutique.
 17121 | Orc:2    | Found Soynwoesh's Antique Armour Emporium.
 17131 | Orc:2    | Bought a heavily runed chain mail for 218 gold pieces
 17131 | Orc:2    | Identified the +1 chain mail "Teyb" {*Contam Regen+ Dex+5}
                  | (You bought it in a shop on level 2 of the Orcish Mines)
 17137 | Orc:2    | Bought a jewelled ring mail for 207 gold pieces
 17137 | Orc:2    | Identified the +1 ring mail "Waerchea" {rF- Dex+5 Slay+2
                  | Stlth+} (You bought it in a shop on level 2 of the Orcish
                  | Mines)
 17143 | Orc:2    | Bought an ichor-stained scale mail for 207 gold pieces
 17144 | Orc:2    | Identified the +5 scale mail of the Eleven Beggars {rElec
                  | Int+3 SInv Stlth+} (You bought it in a shop on level 2 of
                  | the Orcish Mines)
 17357 | Lair:1   | Entered Level 1 of the Lair of Beasts
 17434 | Lair:1   | Noticed Grum
 17443 | Lair:1   | Killed Grum
 17624 | Lair:1   | Reached skill level 10 in Axes
 18150 | Lair:2   | Found a hole to the Spider Nest.
 18843 | Lair:3   | Noticed Rupert
 19070 | Lair:3   | HP: 6/181 [Rupert/+1 great sword of freezing (4)]
 19074 | Lair:3   | Slain by Rupert

Levels and vault maps discovered:
D:1:      minmay_arrival_four_loops, layout_basic
D:2:      layout_basic, grunt_temple_overflow_open, hangedman_decor_points,
          cheibriados_altar_1
D:3:      layout_loops_ring, grunt_dithmenos_smoke, first_ration,
          okawaru_trees_1, uniq_natasha
D:4:      layout_basic, vehumet_altar_wand_db,
          minmay_temple_entry_enclosed_plants, uniq_eustachio, uniq_menkaure
D:5:      minmay_octagon_keep, layout_basic, serial_shops,
          nicolae_shop_waterfront, lemuel_another_geyser
D:6:      layout_basic, good_gods_mini_temple, serial_shops, shop_coins,
          serial_curves, eino_curves_04, eino_curves_02, eino_curves_01,
          uniq_sigmund
D:7:      minmay_cornered_nines, layout_basic, lemuel_round_altar,
          gammafunk_ghost_smash, serial_bayou_lagoon_a, uniq_prince_ribbit1
D:8:      layout_loops_ring, erik_lair_island, basic_altar, david_nohive_1
D:9:      layout_basic, regret_index_temple_of_mockery, orc_0_dummy,
          ebering_ghost_reflecting_pool, kennysheep_small_square, uniq_harold
D:10:     layout_basic, small_chamber_with_monster, chequers_mini_garden,
          grunt_ministairs_9, minmay_bent
D:11:     layout_rooms, enter_bailey_3
D:12:     layout_layer_cave
D:13:     minmay_big_diamond_grid, layout_irregular_city,
          portal_ice_cave_entry_pillars_1, einodemon_armed_red_devil_minivault,
          uniq_sonja, uniq_maurice
D:14:     layout_cave_pools, lightli_vaults_fourway_checkpoint, serial_shops,
          shop
D:15:     hangedman_depths_entry_try_elsewhere_first, layout_rooms,
          chequers_serial_rivers_small_a
Temple:   nicolae_temple_figure_zero
Lair:1:   layout_hall_layers, grunt_megastairs_3, uniq_grum
Lair:2:   layout_gridlike, spider_nest_entry_a
Lair:3:   layout_loops_ring, elwin_shoals_entry_stream, uniq_rupert
Orc:1:    layout_caves
Orc:2:    grunt_orc_gardens, layout_caves, grunt_orc_garden, grunt_orc_garden,
          grunt_orc_garden, grunt_orc_garden

Skill      XL: |  1  2  3  4  5  6  7  8  9 10 11 12 13 14 15 |
---------------+----------------------------------------------+-----
Polearms       | 2 3 4 5 |  5.7
Fighting       | 5 6 7 9 10 11 12 | 12.2
Throwing       | 1 2 3 |  3.2
Dodging        | 1 2 3 5 6 7 |  7.7
Invocations    | 2 5 7 9 11 13 15 16 | 16.5
Armour         | 3 5 6 7 |  7.7
Short Blades   | 2 4 6 7 8 |  8.6
Stealth        | 2 4 6 7 |  7.0
Evocations     | 2 |  2.9
Axes           | 3 9 10 | 10.5

Action                   |  1- 3 |  4- 6 |  7- 9 | 10-12 | 13-15 || total
-------------------------+-------+-------+-------+-------+-------++-------
Melee: Spear             |    93 |   157 |    33 |       |       ||   283
       Headbutt          |     7 |    19 |    40 |    93 |   198 ||   357
       Halberd           |       |       |    80 |       |       ||    80
       Rapier            |       |       |   125 |   414 |   489 ||  1028
       Battleaxe         |       |       |       |       |   330 ||   330
Throw: Stone             |     1 |     3 |       |       |       ||     4
       Dart              |       |     2 |       |       |       ||     2
       Boomerang         |       |       |    27 |    77 |    25 ||   129
Invok: Stomp             |       |       |     1 |     5 |     1 ||     7
       Line Pass         |       |       |     4 |     3 |    10 ||    17
       Grand Finale      |       |       |       |       |     1 ||     1
Evoke: Wand              |       |       |       |       |     3 ||     3
  Use: Scroll            |     7 |     7 |     6 |     5 |    11 ||    36
       Potion            |       |     1 |       |     4 |     3 ||     8
 Stab: Sleeping          |     4 |     4 |     1 |     3 |    13 ||    25
       Distracted        |     1 |       |       |       |     1 ||     2
       Paralysed         |       |       |     8 |    33 |    76 ||   117
       Confused          |       |       |     1 |     1 |     5 ||     7
  Eat: Chunk             |     2 |     5 |    11 |    18 |    27 ||    63
       Ration            |       |       |       |       |     1 ||     1
Armor: Robe              |    22 |     9 |       |       |   126 ||   157
       Ring mail         |       |       |    55 |   169 |   135 ||   359
       Plate armour      |       |       |    59 |       |       ||    59
       Scale mail        |       |       |       |       |    29 ||    29
       Skin              |       |       |       |       |     7 ||     7
Dodge: Dodged            |    46 |    40 |    84 |   258 |   620 ||  1048
Block: Buckler           |       |       |       |       |    12 ||    12
